 Dungeon Crawl Stone Soup version 0.29.1-4-g47bece8355 (webtiles) character file.

Game seed: 6014999469351325794

122 DemonSlayer the Firebug (level 4, -1/30 HPs)
             Began as a Demonspawn Fire Elementalist on Dec 2, 2022.
             Slain by an orc
             ... wielding a +0 hand axe
              (7 damage)
             ... on level 3 of the Dungeon.
             The game lasted 00:05:02 (3487 turns).

DemonSlayer the Firebug (DsFE)                      Turns: 3487, Time: 00:05:02

Health: -1/30      AC:  3    Str: 10    XL:     4   Next: 78%
Magic:  6/8        EV: 12    Int: 16    God:
Gold:   112        SH:  5    Dex: 16    Spells: 5/8 levels left

rFire   . . .      SeeInvis .   m - +0 morningstar
rCold   . . .      Faith    .   (no shield)
rNeg    . . .      Spirit   .   a - +0 robe
rPois   .          Reflect  +   (no helmet)
rElec   .          Harm     .   l - +0 cloak
rCorr   .          Rampage  .   (no gloves)
Will    .....                   (no boots)
Stlth   +++.......              f - amulet of reflection
HPRegen 0.10/turn               (no ring)
MPRegen 0.11/turn               (no ring)

@: no status effects
A: thin skeletal structure 1, spiny 1
a: no special abilities


You were on level 3 of the Dungeon.
You visited 1 branch of the dungeon, and saw 3 of its levels.

You collected 112 gold pieces.

Inventory:

Hand Weapons
 m - a +0 morningstar (weapon)
Missiles
 p - 2 throwing nets
Armour
 a - a +0 robe (worn)
 l - a +0 cloak (worn)
Jewellery
 c - a ring of magical power
 f - an amulet of reflection (around neck)
Wands
 n - a wand of flame (11)
Scrolls
 d - 2 scrolls of identify {unknown}
 e - a scroll of amnesia {unknown}
 g - a scroll of magic mapping {unknown}
 j - 2 scrolls of fear {unknown}
 k - a scroll of vulnerability {unknown}
 o - a scroll of teleportation {unknown}
Potions
 b - 2 potions of magic
 h - 2 potions of curing {unknown}
 i - 3 potions of attraction {unknown}


   Skills:
 + Level 0.3 Fighting
 + Level 0.1 Short Blades
 + Level 0.5 Maces & Flails
 + Level 2.2 Dodging
 + Level 2.1 Stealth
 + Level 0.2 Shields
 + Level 2.7 Spellcasting
 + Level 2.0 Conjurations
 + Level 3.6 Fire Magic


You had 5 spell levels left.
You knew the following spells:

 Your Spells              Type           Power      Damage    Failure   Level
a - Foxfire               Conj/Fire      44%        2x1d6     6%          1
b - Scorch                Fire           26%        2d6       6%          2

Your spell library contained the following spells:

 Spells                   Type           Power      Damage    Failure   Level
 Conjure Flame            Conj/Fire      11%        6-21      19%         3
 Inner Flame              Hex/Fire       8%         N/A       26%         3
 Flame Wave               Conj/Fire      11%        2d6       52%         4


Dungeon Overview and Level Annotations

Branches:
Dungeon (3/15)

Altars:
Yredelemnul


Innate Abilities, Weirdness & Mutations

You have a somewhat thin skeletal structure. (Dex +2, Stealth+)
You are partially covered in sharp spines.


Message History

The foxfire hits the orc.
You kill the orc!
The orc priest hits you with a +0 club.
You miscast Foxfire.
You are very lightly contaminated with residual magic.
Nothing appears to happen.
The orc priest calls down the wrath of Beogh upon you.
Pain shoots through your body!
You are too injured to fight recklessly!
You are too injured to fight recklessly!
You are too injured to fight recklessly!
You are too injured to fight recklessly!
Casting: Foxfire (safe; 6% risk of failure)
Confirm with . or Enter, or press ? or * to list all spells.
You conjure some foxfire!
The orc priest casts a cantrip, but nothing happens.
Unknown command.
You are too injured to fight recklessly!
You puncture the orc priest!
The orc priest is almost dead.
The foxfire hits the orc priest but does no damage.
The orc priest is almost dead.
The orc priest hits you with a +0 club.
You sock the orc priest!
You kill the orc priest!
Your Conjurations skill increases to level 2!
You hit the orc.
The orc is lightly wounded.
The orc hits you with a +0 mace.
* * * LOW HITPOINT WARNING * * *
You are too injured to fight recklessly!
You barely miss the orc.
The orc is lightly wounded.
The orc is struck by your spines. The orc completely misses you.
The orc barely misses you.
Your magical contamination has completely faded away.
You barely miss the orc.
The orc is moderately wounded.
You block the orc's attack. The orc hits you with a +0 hand axe!
You die...

.............[.)...##.##
#...####........
#...############
.........# ## #
....####.# . .##.
########.####....#...
...).....^...# .?#
#######.########o#
#........@o#
############


You could see 2 orcs.

Vanquished Creatures
  An orc priest (D:3)
  3 gnolls (D:3)
  A dart slug (D:3)
  3 orcs (D:3)
  10 endoplasms
  A giant cockroach (D:2)
  5 goblins
  6 hobgoblins
  3 jackals (D:1)
  4 quokkas
  3 ball pythons
  3 bats (D:1)
  A frilled lizard (D:2)
  8 kobolds
  2 rats (D:1)
54 creatures vanquished.

Vanquished Creatures (collateral kills)
  A foxfire (D:1)
1 creature vanquished.

Vanquished Creatures (others)
  164 foxfires
164 creatures vanquished.

Grand Total: 219 creatures vanquished

Notes
Turn   | Place    | Note
-------+----------+-------------------------------------------
     0 | D:1      | DemonSlayer the Demonspawn Fire Elementalist began the
                  | quest for the Orb.
     0 | D:1      | Reached XP level 1. HP: 13/13 MP: 3/3
   390 | D:1      | Reached skill level 3 in Fire Magic
   390 | D:1      | Gained mutation: You have a somewhat thin skeletal
                  | structure. (Dex +2, Stealth+) [demonic ancestry]
   390 | D:1      | Reached XP level 2. HP: 12/19 MP: 1/5
   393 | D:1      | Learned a level 2 spell: Scorch
  1739 | D:2      | Gained mutation: You are partially covered in sharp spines.
                  | [demonic ancestry]
  1739 | D:2      | Reached XP level 3. HP: 24/24 MP: 1/6
  2821 | D:3      | Reached XP level 4. HP: 7/30 MP: 2/7
  3320 | D:3      | Found a basalt altar of Yredelemnul.
  3487 | D:3      | Slain by an orc

Illustrated notes

Levels and vault maps discovered:
D:1:      nicolae_arrival_memento_mori, layout_loops_ring, serial_bayou_pond_d
D:2:      kennysheep_big_flooded_room, layout_basic, serial_park_tiny_1,
          grunt_ministairs_8
D:3:      layout_loops_ring, overflow_temple_1_default, general_overflow_altar,
          hellmonk_ecumenical_altar_slurped_away

Skill      XL: |  1  2  3  4 |
---------------+-------------+-----
Dodging        | 2 |  2.2
Fire Magic     | 3 |  3.6
Stealth        | 2 |  2.1
Conjurations   | 2 |  2.0
Fighting       | |  0.3
Short Blades   | |  0.1
Maces & Flails | |  0.5
Shields        | |  0.2
Spellcasting   | |  2.7

Action                   |  1- 3 |  4- 6 || total
-------------------------+-------+-------++-------
Melee: Short sword       |    37 |       ||    37
       Morningstar       |    13 |    18 ||    31
 Cast: Foxfire           |    87 |    23 ||   110
 Stab: Sleeping          |     3 |       ||     3
Armor: Robe              |     7 |     1 ||     8
Dodge: Dodged            |    35 |    10 ||    45
Block: Other             |    17 |     3 ||    20
